 Dungeon Crawl Stone Soup version 0.24-a0-378-g94936e5 (webtiles) character file.

Game seed: 1383365093474487077

225332 Ghalim the Warrior (level 19, -5/130 HPs)
             Began as a Gargoyle Fighter on June 1, 2019.
             Was the Champion of Okawaru.
             Blown up by an orb spider (46 damage)
             ... with an orb of destruction
             ... on level 4 of the Spider Nest.
             The game lasted 02:40:20 (40160 turns).

Ghalim the Warrior (Gargoyle Fighter)              Turns: 40160, Time: 02:40:20

Health: -5/130     AC: 44    Str: 30    XL:     19   Next: 32%
Magic:  25/25      EV: 24    Int: 12    God:    Okawaru [******]
Gold:   2070       SH: 13    Dex: 15    Spells: 18/18 levels left

rFire    . . .     SeeInvis .   g - +10 morningstar "Eos" {elec, Halo rElec}
rCold    + . .     Gourm    .   J - +2 buckler
rNeg     + . .     Faith    .   W - +6 scale mail "Byuxala" {rC+ Int+2 Slay+3}
rPois    ∞         Spirit   .   K - +0 hat of Catatonia {rElec Dex+2}
rElec    +         Reflect  +   u - +2 cloak {+Inv}
rCorr    +         Harm     .   b - +2 pair of gloves {Str+3}
MR       +....                  p - +0 pair of boots "Rusif" {Dex+4}
Stlth    +.........             s - +3 amulet of reflection
HPRegen  0.31/turn              Q - ring of resist corrosion
MPRegen  0.19/turn              I - +4 ring of protection

@: heroism, flying, glowing
A: big wings, negative energy resistance 1, electricity resistance, unbreathing,
petrification resistance, rot immunity, AC +14
}: 1/15 runes: decaying
a: Stop Flying, Heroism, Finesse, Renounce Religion, Evoke Invisibility


You were on level 4 of the Spider Nest.
You worshipped Okawaru.
Okawaru was exalted by your worship.
You were not hungry.

You visited 6 branches of the dungeon, and saw 32 of its levels.
You also visited: Ossuary, Gauntlet and Ice Cave.

You collected 3552 gold pieces.
You spent 1482 gold pieces at shops.

Inventory:

Hand Weapons
 g - the +10 morningstar "Eos" (weapon) {elec, Halo rElec}
   (Okawaru gifted it to you on level 5 of the Lair of Beasts)

   Occasionally, upon striking a foe, it will discharge some electrical energy
   and cause terrible harm.
   It insulates you from electricity.
 m - a +3 hunting sling
 o - the cursed +0 shortbow "Gargoyle's Foe" {flame, *Slow MR+ Int+2, unknown}
   (You found it on level 4 of the Spider Nest)

   It causes projectiles fired from it to burn those they strike, causing extra
   injury to most foes and up to half again as much damage against particularly
   susceptible opponents.
   It affects your intelligence (+2).
   It affects your resistance to hostile enchantments.
   It may slow you when you take damage.
   It has a curse placed upon it.
 T - the +5 demon whip "Spellbinder" {antimagic, MR+}
   (Okawaru gifted it to you on level 4 of the Lair of Beasts)

   It reduces the magical energy of the wielder, and disrupts the spells and
   magical abilities of those hit.
   Natural abilities and divine invocations are not affected.
   It affects your resistance to hostile enchantments.
Missiles
 F - 277 sling bullets (quivered)
Armour
 b - a +2 pair of gloves of strength (worn)
 i - a +0 hat of magic resistance
 p - the +0 pair of boots "Rusif" (worn) {Dex+4}
   (You found it on level 3 of the Spider Nest)

   It affects your dexterity (+4).
 u - a +2 cloak of invisibility (worn)
 J - a +2 buckler (worn)
 K - the +0 hat of Catatonia (worn) {rElec Dex+2}
   (You found it in a Gauntlet)

   It affects your dexterity (+2).
   It insulates you from electricity.
 W - the +6 scale mail "Byuxala" (worn) {rC+ Int+2 Slay+3}
   (You found it on level 5 of the Lair of Beasts)

   It affects your intelligence (+2).
   It affects your accuracy and damage with ranged weapons and melee attacks
   (+3).
   It protects you from cold.
 X - a +2 pair of gloves of dexterity
Jewellery
 d - an uncursed ring of positive energy
 j - an uncursed ring of protection from cold
 s - a +3 amulet of reflection (around neck)
 v - an uncursed ring of protection from cold
 I - a +4 ring of protection (right hand)
 L - an uncursed ring of protection from fire
 Q - a ring of resist corrosion (left hand)
 V - an uncursed ring of see invisible
Wands
 e - a wand of flame (100)
 D - a wand of disintegration (28)
 O - a wand of polymorph (22)
 P - a wand of digging (20)
Scrolls
 c - 2 scrolls of acquirement
 k - 10 scrolls of identify
 l - 20 scrolls of remove curse
 r - 2 scrolls of blinking
 t - 5 scrolls of fog
 w - 4 scrolls of enchant armour
 x - 7 scrolls of magic mapping
 A - 13 scrolls of teleportation
 B - 3 scrolls of fear
 C - 4 scrolls of enchant weapon
Potions
 a - 4 potions of mutation
 h - a potion of resistance
 n - a potion of cancellation
 q - 14 potions of curing
 G - 2 potions of might
 H - 5 potions of haste
 M - a potion of magic
 Z - 5 potions of heal wounds
Comestibles
 f - 40 rations


   Skills:
 - Level 18.0(23.0) Fighting
 - Level 18.0(23.0) Maces & Flails
 - Level 12.0(17.0) Armour
 + Level 14.2(19.2) Dodging
 - Level 12.0(17.0) Shields
 - Level 8.1 Invocations


You had 18 spell levels left.
You didn't know any spells.
Your spell library contained the following spells:

 Spells                   Type           Power        Failure   Level  Hunger
 Animate Skeleton         Necr           N/A          47%         1    ##.....
 Apportation              Tloc           #.....       47%         1    ##.....
 Beastly Appendage        Tmut           #.....       47%         1    ##.....
 Confusing Touch          Hex            #.....       47%         1    ##.....
 Flame Tongue             Conj/Fire      #....        47%         1    ##.....
 Magic Dart               Conj           #...         47%         1    ##.....
 Pain                     Necr           #...         47%         1    ##.....
 Shock                    Conj/Air       #...         47%         1    ##.....
 Summon Small Mammal      Summ           #...         47%         1    ##.....
 Poisonous Vapours        Pois/Air       #.....       63%         2    ###....
 Searing Ray              Conj           #.....       63%         2    ###....
 Sticks to Snakes         Tmut           #.......     63%         2    ###....
 Swiftness                Chrm/Air       #.......     63%         2    ###....
 Throw Flame              Conj/Fire      #.....       63%         2    ###....
 Conjure Flame            Conj/Fire      #.......     85%         3    ####...
 Dazzling Spray           Conj/Hex       #.....       85%         3    ####...
 Inner Flame              Hex/Fire       #.......     85%         3    ####...
 Mephitic Cloud           Conj/Pois/Air  #.......     85%         3    ####...
 Regeneration             Chrm/Necr      #.........   85%         3    ####...
 Spider Form              Tmut/Pois      #.........   85%         3    ####...
 Static Discharge         Conj/Air       #.......     85%         3    ####...
 Vampiric Draining        Necr           #.........   85%         3    ####...
 Airstrike                Air            #.........   99%         4    #####..
 Animate Dead             Necr           N/A          99%         4    #####..
 Force Lance              Conj/Tloc      #.......     99%         4    #####..
 Fulminant Prism          Conj/Hex       #.........   99%         4    #####..
 Ice Form                 Ice/Tmut       #.......     99%         4    #####..
 Iskenderun's Mystic Bla  Conj           #.......     99%         4    #####..
 Sticky Flame             Conj/Fire      #.......     99%         4    #####..
 Blade Hands              Tmut           #.........   100%        5    ######.
 Fireball                 Conj/Fire      #.........   100%        5    ######.
 Irradiate                Conj/Tmut      #.........   100%        5    ######.
 Lightning Bolt           Conj/Air       #.........   100%        5    ######.
 Metabolic Englaciation   Hex/Ice        #.........   100%        5    ######.
 Bolt of Cold             Conj/Ice       #.........   100%        6    #######
 Deflect Missiles         Chrm/Air       #.........   100%        6    #######
 Freezing Cloud           Conj/Ice/Air   #.........   100%        6    #######
 Hydra Form               Tmut           #.........   100%        6    #######
 Ozocubu's Refrigeration  Ice            #.........   100%        6    #######
 Simulacrum               Ice/Necr       #.........   100%        6    #######
 Dragon Form              Tmut           #.........   100%        7    #######
 Ring of Flames           Chrm/Fire      #.........   100%        7    #######
 Statue Form              Tmut/Erth      Unusable     N/A         6    N/A

Dungeon Overview and Level Annotations

Branches:
Dungeon (15/15)            Temple (1/1) D:6            Lair (6/6) D:9
  Swamp (4/4) Lair:4       Spider (4/4) Lair:4        Slime (0/5) Lair:6
    Orc (2/2) D:10            Elf (0/3) Orc:2        Vaults (0/5) D:14
 Depths (0/5) D:15

Altars:
Ashenzari
Cheibriados
Dithmenos
Elyvilon
Fedhas
Gozag
Hepliaklqana
Kikubaaqudgha
Makhleb
Nemelex Xobeh
Okawaru
Qazlal
Ru
Sif Muna
Trog
Uskayaw
Vehumet
Wu Jian
Xom
Yredelemnul
Zin
The Shining One
Beogh
Jiyva

Shops:
D:14 *   Orc:2 (*(([*!?

Portals:
Trove: D:11 (give 5 potions of resistance)

Annotations:
D:3 Eustachio
D:8 3 runed translucent doors
Lair:1 exclusion: oklob plant
Lair:3 3 runed translucent doors, Zyngeem's ghost, journeyman VSWn
Lair:5 exclusion: 4 oklob plants, Sonja
Orc:2 1 runed translucent door, BigBall's ghost, journeyman VSFi


Innate Abilities, Weirdness & Mutations

You are resistant to torment.
Your stone body is resilient. (AC +14)
You are immune to poison.
Your large and strong wings let you fly indefinitely.
You resist negative energy. (rN+)
You are resistant to electric shocks. (rElec)
You can survive without breathing.
You are immune to petrification.
You are immune to rotting.


Message History

Lightning courses through the orb spider!
The orb spider is severely wounded.
The orb of destruction hits a rock wall.
The orb spider begins to weave its threads into a brightly glowing ball.
The orb spider weaves a glowing orb of energy.
An orb of destruction comes into view.
You see here a tarantella corpse.
The wavering orb of destruction hits you!!
The orb of destruction hits a rock wall.
Found 19 gold pieces.
You thump the orb spider!
Lightning courses through the orb spider!
You kill the orb spider!
Okawaru accepts your kill.
The orb spider weaves a glowing orb of energy.
An orb of destruction comes into view.
The orb spider weaves a glowing orb of energy.
An orb of destruction comes into view.
The orb of destruction hits you!!!
You die...

##†.^## #^..^.# #
###†.#### ≈≈
##.†....##### ≈..
#†.##......^##
...≈####.†s###..#^.^##
#..≈.#...○..........#
#...(..†☼........#...
###.....°@.......# ^
##..†..#..#.#.#...
#.^....#.*.#..#^..^#
...!..#...s^....#..##
.#^..#.#.....#......#
#..[..^#^#.#....#.^#.
..........^^#..#.^#
....$#..###.....


You could see an orb spider.

Vanquished Creatures
  A bone dragon (Swamp:4)
  Arachne (Spider:2)
  Asterion (Spider:2)
  Frances (D:14)
  Gastronok (D:11)
  The ghost of Saineli the Hoplite, an adept MiBe of Trog (Spider:2)
  Agnes (Spider:2)
  A frost giant (Lair:5)
  Roxanne (Swamp:4)
  An orc warlord (Orc:2)
  2 ghost moths
  3 emperor scorpions
  4 entropy weavers
  Nessos (D:15)
  Azrael (Orc:2)
  2 spark wasps
  A minotaur (Gauntlet)
  Snorg (Lair:6)
  An ettin (Orc:2)
  14 hydras
  A quicksilver dragon skeleton (D:15)
  2 vault guards (D:14)
  5 catoblepae
  5 ghost crabs
  4 centaur warriors
  4 two-headed ogres (D:14)
  A queen ant (Gauntlet)
  15 death yaks
  16 alligators
  Nergalle (Lair:1)
  Urug (Lair:1)
  A fire crab (Lair:6)
  A titan skeleton (D:15)
  An unseen horror (D:11)
  A death drake (Swamp:4)
  5 skeletal warriors
  A flayed ghost (D:15)
  4 spectral hydras (Swamp:4)
  A swamp dragon (Swamp:2)
  A lindwurm (Lair:5)
  3 spriggan druids
  A necromancer (D:15)
  2 orc knights
  A phantasmal warrior (Swamp:4)
  4 orc sorcerers
  29 wolf spiders
  A deep elf mage (D:14)
  14 ugly things
  An oklob plant (Lair:6)
  2 moths of wrath (Spider:2)
  16 orb spiders
  8 cyclopes
  4 manticores
  14 elephants
  6 black mambas
  2 ice statues (IceCv)
  Maurice (Orc:2)
  4 gargoyles
  4 torpor snails
  A kobold demonologist (D:15)
  3 rime drakes (Lair:5)
  22 spiny frogs
  3 swamp worm zombies (Swamp:4)
  11 komodo dragons
  2 freezing wraiths
  24 demonic crawlers
  6 hydra zombies (Swamp:4)
  44 jumping spiders
  A queen bee (Lair:5)
  3 meliai (Lair:5)
  13 hornets
  5 trolls
  Grinder (D:5)
  10 tyrant leeches
  24 slime creatures
  5 polar bears
  4 alligator zombies (Swamp:4)
  22 blink frogs
  16 bog bodies
  A deep troll zombie (D:15)
  10 hippogriffs
  A spectral swamp dragon (Swamp:4)
  A meliai zombie (D:15)
  3 shadows
  9 spriggans
  2 centaur simulacra (D:15)
  12 flying skulls (Gauntlet)
  4 wyverns
  72 redbacks
  26 tarantellas
  A deep troll skeleton (D:15)
  2 wraiths
  41 yaks
  2 hungry ghosts
  2 vampires
  2 fire elementals (Orc:2)
  10 humans (D:14)
  A basilisk (D:10)
  14 vampire mosquitoes
  5 wargs (Orc:2)
  3 chaos spawn (D:10)
  19 swamp worms
  4 soldier ants
  14 insubstantial wisps
  3 acid dragons
  4 hell hounds
  14 water moccasins
  10 porcupines
  7 swamp drakes
  6 sky beasts
  An eye of draining (D:10)
  19 ice beasts
  9 black bears
  38 orc warriors
  A swamp dragon zombie (Swamp:4)
  10 phantoms
  10 ogres
  5 necrophages (Swamp:4)
  20 centaurs
  11 crocodiles
  3 big kobolds
  14 bullfrogs
  2 wyvern zombies
  4 scorpions
  44 killer bees
  15 wights
  3 electric eels
  4 howler monkeys
  5 crimson imps
  5 bullfrog zombies
  5 centaur zombies
  A human zombie (Ossuary)
  3 jellies
  7 bullfrog skeletons
  8 hounds
  45 orc wizards
  2 quasits
  31 orc priests
  5 centaur skeletons
  4 iguanas
  2 spectral swamp drakes (Swamp:4)
  7 worker ants
  A hell rat (Lair:5)
  2 mummies (Ossuary)
  A hound skeleton (D:6)
  Robin (D:2)
  10 adders
  3 gnolls (D:5)
  2 howler monkey skeletons
  A swamp drake zombie (Swamp:4)
  6 shadow imps
  4 adder zombies
  2 worms
  3 dart slugs
  4 leopard geckos
  129 orcs
  7 giant cockroaches
  6 goblins
  12 hobgoblins
  12 jackals
  20 kobolds
  5 quokkas
  2 ball pythons
  7 bats
  5 frilled lizards
  7 hobgoblin zombies (Ossuary)
  2 jackal zombies (Ossuary)
  18 kobold zombies (Ossuary)
  3 orc zombies (Ossuary)
  A quokka skeleton (D:7)
  A quokka zombie (D:9)
  4 rats
  2 rat zombies (Ossuary)
  A bush (Lair:6)
1380 creatures vanquished.

Vanquished Creatures (others)
  A swamp worm (Swamp:4)
  4 insubstantial wisps
  A centaur (D:14)
  2 ball lightnings
  An orc (Orc:2)
  A demonic plant (Gauntlet)
  7 fungi
  13 plants
30 creatures vanquished.

Grand Total: 1410 creatures vanquished

Notes
Turn   | Place    | Note
-------+----------+-------------------------------------------
     0 | D:1      | Ghalim the Gargoyle Fighter began the quest for the Orb.
     0 | D:1      | Reached XP level 1. HP: 14/14 MP: 1/1
   195 | D:1      | Reached XP level 2. HP: 19/19 MP: 2/2
   481 | D:1      | Reached XP level 3. HP: 22/24 MP: 3/3
  1174 | D:2      | Reached XP level 4. HP: 29/29 MP: 4/4
  1265 | D:2      | Found a blossoming altar of Fedhas.
  1537 | D:2      | Found a basalt altar of Yredelemnul.
  1541 | D:2      | Noticed a phantom
  1606 | D:2      | Noticed a bullfrog
  1779 | D:1      | Killed a bullfrog
  1779 | D:1      | Reached XP level 5. HP: 26/34 MP: 5/5
  1973 | D:2      | Noticed Robin
  1994 | D:2      | Killed Robin
  2639 | D:3      | Reached skill level 5 in Maces & Flails
  2639 | D:3      | Reached XP level 6. HP: 38/40 MP: 6/6
  2733 | D:3      | Noticed an orc warrior
  2757 | D:3      | Reached skill level 5 in Fighting
  2815 | D:2      | Killed an orc warrior
  3234 | D:4      | Reached XP level 7. HP: 31/45 MP: 7/7
  3235 | D:4      | Noticed Eustachio
  3911 | D:5      | Entered Level 5 of the Dungeon
  4194 | D:5      | Reached XP level 8. HP: 49/53 MP: 8/8
  4643 | D:5      | Found a white marble altar of Elyvilon.
  4643 | D:5      | Noticed Grinder
  4804 | D:5      | Found a shadowy altar of Dithmenos.
  5248 | D:5      | Paralysed by Grinder for 3 turns
  5346 | D:5      | Killed Grinder
  5405 | D:5      | Found a burning altar of Makhleb.
  5580 | D:6      | Found a sand-covered staircase.
  5587 | Ossuary  | Entered an ossuary
  5688 | Ossuary  | Reached XP level 9. HP: 60/60 MP: 9/9
  6237 | D:6      | Found a staircase to the Ecumenical Temple.
  6249 | Temple   | Entered the Ecumenical Temple
  6305 | Temple   | Became a worshipper of Warmaster Okawaru
  6360 | D:6      | Found a glowing silver altar of Zin.
  6596 | D:6      | Reached skill level 10 in Fighting
  6989 | D:7      | Found a sparkling altar of Nemelex Xobeh.
  7187 | D:6      | Reached * piety under Okawaru
  7320 | D:7      | Reached skill level 10 in Maces & Flails
  7816 | D:7      | Reached XP level 10. HP: 67/68 MP: 10/10
  8953 | D:8      | Found a runed translucent gate.
  8953 | D:8      | Found a runed translucent gate.
  8953 | D:8      | Found a runed translucent gate.
  8953 | D:8      | Noticed a purple ugly thing
  8953 | D:8      | Noticed a white ugly thing
  8954 | D:8      | Noticed a brown ugly thing
  8954 | D:8      | Noticed a glowing orange brain
  8955 | D:8      | Noticed a cyan ugly thing
  8956 | D:8      | Noticed a red ugly thing
  8956 | D:8      | Noticed a white ugly thing
  8990 | D:8      | Found a hide-covered altar of Uskayaw.
  9020 | D:8      | Reached ** piety under Okawaru
  9028 | D:8      | Found a shimmering altar of Xom.
  9029 | D:8      | Found a hazy altar of Hepliaklqana.
  9030 | D:8      | Noticed a spectral ugly thing
  9930 | D:9      | Found a staircase to the Lair.
  9978 | D:9      | Reached *** piety under Okawaru
 10613 | D:10     | Entered Level 10 of the Dungeon
 11052 | D:10     | Noticed a purple ugly thing
 11228 | Lair:1   | Entered Level 1 of the Lair of Beasts
 11228 | Lair:1   | Noticed Urug
 11252 | Lair:1   | Killed Urug
 11252 | Lair:1   | Reached XP level 11. HP: 46/76 MP: 9/11
 11418 | Lair:1   | Reached **** piety under Okawaru
 11481 | Lair:1   | Noticed Nergalle
 11512 | Lair:1   | Killed Nergalle
 11512 | Lair:1   | Reached skill level 5 in Armour
 11512 | Lair:1   | Reached skill level 5 in Shields
 12257 | Lair:1   | Found an opulent altar of Gozag.
 12257 | Lair:1   | Noticed an oklob plant
 13316 | Lair:2   | Reached ***** piety under Okawaru
 14497 | Lair:2   | Got a steaming scimitar
 14672 | Lair:2   | Identified the cursed +2 scimitar "Lothrosyw" {flame,
                  | Int+2} (You found it on level 2 of the Lair of Beasts)
 14923 | Lair:2   | Reached XP level 12. HP: 79/81 MP: 12/12
 15268 | Lair:3   | Received a gift from Okawaru
 15271 | Lair:3   | Got an ancient hat {god gift}
 15291 | Lair:3   | Identified the +0 hat "Hiraov" {Int+5} (Okawaru gifted it
                  | to you on level 3 of the Lair of Beasts)
 15495 | Lair:3   | Noticed a death yak
 15495 | Lair:3   | Noticed a death yak
 15520 | Lair:3   | Killed a death yak
 15521 | Lair:3   | Noticed a death yak
 15522 | Lair:3   | Noticed a death yak
 15566 | Lair:2   | Killed a death yak
 15657 | Lair:3   | Found a runed translucent gate.
 15657 | Lair:3   | Found a runed translucent gate.
 15657 | Lair:3   | Found a runed translucent gate.
 15660 | Lair:3   | Noticed a death ooze
 15817 | Lair:3   | Noticed Zyngeem's ghost (journeyman VSWn)
 15819 | Lair:3   | Found a viscous altar of Jiyva.
 15896 | Lair:3   | Killed a death yak
 15896 | Lair:3   | Reached skill level 10 in Armour
 15896 | Lair:3   | Reached skill level 10 in Shields
 15919 | Lair:3   | Killed a death yak
 16114 | Lair:3   | Reached skill level 1 in Invocations
 16805 | Lair:4   | Noticed a five-headed hydra
 16819 | Lair:4   | Killed a five-headed hydra
 16819 | Lair:4   | Reached skill level 5 in Invocations
 17251 | Lair:4   | Found a hole to the Spider Nest.
 17627 | Lair:4   | Reached XP level 13. HP: 35/86 MP: 15/18
 17878 | Lair:4   | Found a staircase to the Swamp.
 18183 | Lair:4   | Received a gift from Okawaru
 18184 | Lair:4   | Found the +5 demon whip "Spellbinder" {antimagic, MR+}
 18763 | Lair:5   | Noticed Rupert
 18768 | Lair:5   | Noticed Rupert
 18768 | Lair:5   | Rupert changed into Rupert the frost giant
 18779 | Lair:5   | Noticed Sonja
 18782 | Lair:5   | Killed Rupert the frost giant
 19235 | Lair:5   | Reached ****** piety under Okawaru
 19243 | Lair:5   | Received a gift from Okawaru
 19859 | Lair:5   | Got a slimy scale mail
 19927 | Lair:5   | Reached skill level 1 in Dodging
 20388 | Lair:1   | Identified the +6 scale mail "Byuxala" {rC+ Int+2 Slay+3}
                  | (You found it on level 5 of the Lair of Beasts)
 20471 | Lair:6   | Entered Level 6 of the Lair of Beasts
 20670 | Lair:5   | Gained mutation: Your large and strong wings let you fly
                  | indefinitely. [Gargoyle growth]
 20670 | Lair:5   | Reached XP level 14. HP: 92/92 MP: 5/20
 20681 | Lair:5   | Received a gift from Okawaru
 20682 | Lair:5   | Found the +10 morningstar "Eos" {elec, Halo rElec}
 20710 | Lair:6   | Reached skill level 5 in Dodging
 21038 | Lair:6   | Received a gift from Okawaru
 21197 | Lair:6   | Identified the Handbook of Lucky Heat
 21393 | Lair:6   | Noticed Snorg
 21417 | Lair:6   | Killed Snorg
 21618 | Lair:6   | Received a gift from Okawaru
 21869 | Lair:6   | Found a staircase to the Slime Pits.
 22579 | D:10     | Found a shimmering altar of Xom.
 22580 | D:10     | Found the +7 mace of Variability {chain chaos}
 22587 | D:10     | Found a staircase to the Orcish Mines.
 23107 | D:11     | Reached XP level 15. HP: 99/99 MP: 21/21
 23166 | D:11     | Found Udovaxt's Gadget Shoppe.
 23422 | D:11     | Found a portal to a secret trove of treasure.
 23506 | D:11     | Noticed Gastronok
 23517 | D:11     | Killed Gastronok
 23999 | D:12     | Received a gift from Okawaru
 24485 | D:13     | Found a gate leading to a gauntlet.
 24501 | Gauntlet | Entered a Gauntlet
 24501 | Gauntlet | Found a transporter.
 24501 | Gauntlet | Found a runed translucent door.
 24502 | Gauntlet | Found a runed translucent door.
 24512 | Gauntlet | Found a transporter.
 24514 | Gauntlet | Found a transporter.
 24519 | Gauntlet | Found a runed translucent door.
 24521 | Gauntlet | Found a runed translucent door.
 24523 | Gauntlet | Found a transporter.
 24525 | Gauntlet | Found a transporter.
 24536 | Gauntlet | Found a transporter.
 24555 | Gauntlet | Found a transporter.
 24565 | Gauntlet | Found a transporter.
 24575 | Gauntlet | Found a transporter.
 24597 | Gauntlet | Found a transporter.
 24609 | Gauntlet | Found a runed translucent gate.
 24610 | Gauntlet | Found a transporter.
 24610 | Gauntlet | Found a runed translucent gate.
 24610 | Gauntlet | Found a transporter.
 24657 | Gauntlet | Found a transporter.
 24671 | Gauntlet | Found a transporter.
 24729 | Gauntlet | Found a runed translucent gate.
 24936 | Gauntlet | Got a faintly glowing hat
 25077 | D:13     | Identified the +0 hat of Catatonia {rElec Dex+2} (You found
                  | it in a Gauntlet)
 25308 | D:13     | Received a gift from Okawaru
 25688 | D:14     | Reached skill level 15 in Fighting
 25939 | D:14     | Found Nogesmia's General Store.
 25942 | D:14     | Bought a scroll of identify for 32 gold pieces
 25951 | D:14     | Reached XP level 16. HP: 108/108 MP: 22/22
 26006 | D:14     | Noticed Frances
 26020 | D:14     | Killed Frances
 26174 | D:14     | Reached skill level 15 in Maces & Flails
 26288 | D:14     | Found a gate to the Vaults.
 26607 | D:15     | Entered Level 15 of the Dungeon
 26754 | D:15     | Noticed Nessos
 26772 | D:15     | Killed Nessos
 26954 | D:15     | Received a gift from Okawaru
 27080 | D:15     | Found a staircase to the Depths.
 27669 | Orc:1    | Entered Level 1 of the Orcish Mines
 27956 | Orc:2    | Entered Level 2 of the Orcish Mines
 27960 | Orc:2    | Found a runed translucent door.
 27960 | Orc:2    | Found a shimmering altar of Xom.
 27960 | Orc:2    | Noticed BigBall's ghost (journeyman VSFi)
 27974 | Orc:2    | Found a frozen archway.
 27999 | IceCv    | Entered an ice cave
 28003 | IceCv    | Found a transporter.
 28038 | IceCv    | Found a transporter.
 28056 | IceCv    | Got a dazzling battleaxe
 28104 | Orc:2    | Found Reik's General Store.
 28107 | Orc:2    | Bought a potion of curing for 42 gold pieces
 28107 | Orc:2    | Bought a potion of might for 56 gold pieces
 28150 | Orc:2    | Received a gift from Okawaru
 28151 | Orc:2    | Got a slimy demon blade {god gift}
 28225 | Orc:2    | Noticed Maurice
 28238 | Orc:2    | Killed Maurice
 28381 | Orc:2    | Found a roughly hewn altar of Beogh.
 28391 | Orc:2    | Found Irahumal's Distillery.
 28397 | Orc:2    | Bought a potion of heal wounds for 55 gold pieces
 28397 | Orc:2    | Bought a potion of curing for 33 gold pieces
 28397 | Orc:2    | Bought a potion of curing for 33 gold pieces
 28397 | Orc:2    | Bought a potion of heal wounds for 55 gold pieces
 28397 | Orc:2    | Bought a potion of heal wounds for 55 gold pieces
 28397 | Orc:2    | Bought a potion of curing for 33 gold pieces
 28435 | Orc:2    | Found Qosohei's General Store.
 28437 | Orc:2    | Noticed Azrael
 28783 | Orc:2    | Bought a scroll of identify for 30 gold pieces
 28786 | Orc:2    | Found Ereax's Magic Scroll Boutique.
 28800 | Orc:2    | Bought a scroll of identify for 36 gold pieces
 28800 | Orc:2    | Bought a scroll of teleportation for 54 gold pieces
 28800 | Orc:2    | Bought a scroll of remove curse for 54 gold pieces
 28800 | Orc:2    | Bought a scroll of teleportation for 54 gold pieces
 28800 | Orc:2    | Bought a scroll of identify for 36 gold pieces
 28800 | Orc:2    | Bought a scroll of enchant armour for 135 gold pieces
 28800 | Orc:2    | Bought a scroll of remove curse for 54 gold pieces
 28800 | Orc:2    | Bought 3 scrolls of remove curse for 162 gold pieces
 28800 | Orc:2    | Bought a scroll of remove curse for 54 gold pieces
 28823 | Orc:2    | Killed Azrael
 28854 | Orc:2    | Found a roughly hewn altar of Beogh.
 28863 | Orc:2    | Found a staircase to the Elven Halls.
 28950 | Orc:2    | Found a roughly hewn altar of Beogh.
 28951 | Orc:2    | Found Ruhokhleu's Antique Weapon Emporium.
 28979 | Orc:2    | Bought a bloodstained mace for 224 gold pieces
 29072 | Orc:2    | Found a roughly hewn altar of Beogh.
 29078 | Orc:2    | Found Zuasavef's Weapon Emporium.
 29440 | Orc:2    | Found Zoim Jim's Antique Armour Boutique.
 29441 | Orc:2    | Found a roughly hewn altar of Beogh.
 29442 | Orc:2    | Found Qefuj's Antique Weapon Shop.
 29449 | Orc:2    | Bought a pair of runed gloves for 195 gold pieces
 30166 | D:10     | Identified the +2 battleaxe of Reapportionment {pain,
                  | *Contam rC+ Dex+4} (You found it in an ice cave)
 30168 | D:10     | Identified the +3 demon blade of Inference {elec, *Noise
                  | MR+ Int+6} (Okawaru gifted it to you on level 2 of the
                  | Orcish Mines)
 30312 | Swamp:1  | Entered Level 1 of the Swamp
 30745 | Swamp:1  | Reached XP level 17. HP: 91/117 MP: 23/23
 30764 | Swamp:1  | Got a pair of smoking gloves
 30781 | Swamp:1  | Identified the +0 pair of gloves of Compassion {+Fly rPois
                  | rN+ Slay-5} (You found it on level 1 of the Swamp)
 30802 | Swamp:1  | Received a gift from Okawaru
 30803 | Swamp:1  | Got a pair of pitted boots {god gift}
 30837 | Swamp:1  | Identified the -4 pair of boots of Xanaenuo {-Tele Dex+3
                  | SInv Stlth+} (Okawaru gifted it to you on level 1 of the
                  | Swamp)
 31601 | Swamp:2  | You are sucked into a shaft and drop 1 floor!
 32881 | Swamp:4  | Entered Level 4 of the Swamp
 33464 | Swamp:4  | Received a gift from Okawaru
 33471 | Swamp:4  | Noticed Roxanne
 33500 | Swamp:4  | Killed Roxanne
 33881 | Swamp:4  | Noticed a bone dragon
 34602 | Swamp:4  | Killed a bone dragon
 34602 | Swamp:4  | Reached XP level 18. HP: 105/125 MP: 22/24
 34799 | Swamp:4  | Got a decaying rune of Zot
 35004 | Lair:4   | Identified a scroll of acquirement
 35010 | Spider:1 | Entered Level 1 of the Spider Nest
 35130 | Spider:1 | Reached skill level 10 in Dodging
 35849 | Spider:1 | Received a gift from Okawaru
 36021 | Spider:1 | Got a pair of slimy gloves
 36135 | Spider:1 | Identified the +0 pair of gloves of Hotuh {*Corrode rN+
                  | Str+4 Stlth+} (You found it on level 1 of the Spider Nest)
 36442 | Spider:2 | Noticed Agnes
 36449 | Spider:2 | Killed Agnes
 36834 | Spider:2 | Received a gift from Okawaru
 36902 | Spider:2 | Noticed Arachne
 36928 | Spider:2 | Killed Arachne
 37922 | Spider:3 | Found a runed translucent gate.
 37923 | Spider:3 | Found a runed translucent gate.
 37929 | Spider:3 | Found a runed translucent gate.
 37929 | Spider:3 | Noticed Saineli's ghost (adept MiBe)
 37949 | Spider:3 | Noticed Asterion
 38227 | Spider:2 | Killed Asterion
 38586 | Spider:2 | Killed Saineli's ghost
 38972 | Spider:3 | Got a pair of ichor-stained boots
 39152 | Spider:3 | Identified the cursed +0 pair of boots "Rusif" {Dex+4} (You
                  | found it on level 3 of the Spider Nest)
 39171 | Spider:4 | Entered Level 4 of the Spider Nest
 39193 | Spider:3 | Reached XP level 19. HP: 108/130 MP: 25/25
 39600 | Spider:3 | Received a gift from Okawaru
 39810 | Spider:4 | Got a fine shortbow
 40160 | Spider:4 | Blown up by an orb spider

Levels and vault maps discovered:
D:1:      sevenhm_arrival_forest_fort_small_5, layout_loops_corners,
          kennysheep_boxes
D:2:      layout_basic, nicolae_overflow_crystal_walls,
          nicolae_overflow_hidden_temple, uniq_robin
D:3:      layout_basic
D:4:      layout_basic, first_ration, uniq_eustachio
D:5:      layout_loops_ring, lemuel_coloured_pillars_altar,
          kennysheep_mini_moat, basic_altar, uniq_grinder
D:6:      layout_loops_cross, zin_treasury, minmay_temple_entry_overgrown,
          chequers_ossuary_entry_cave
D:7:      layout_cave_pods, overflow_temple_1_default, hangedman_glass_teeth
D:8:      layout_rooms, regret_index_temple_of_mockery, lemuel_doored_altar,
          ploomutoo_gammafunk_ghost_potion_laboratory, blue_anna_alchemist
          [blue_anna_fruit_fields, blue_anna_fruit_fields]
D:9:      minmay_goldmine, layout_irregular_city, david_lair_shrubbed
D:10:     minmay_chambers_of_sevens, layout_cave_pods, orc_0_dummy,
          serial_column_ruins, column_ruins_hut_water, column_ruins_hut_water,
          column_ruins_grid_1, column_ruins_grid_1, column_ruins_open_tiny,
          column_ruins_corridor_corner, column_ruins_corridor_straight,
          minmay_guarded_unrand_variability
D:11:     minmay_angry_zag, layout_cave_pools, serial_shops,
          nicolae_shop_crystal, enter_trove_2, uniq_gastronok
D:12:     layout_cave_pools, serial_rivers, chequers_serial_rivers_room_b,
          chequers_serial_rivers_large_a, chequers_serial_rivers_micro_b,
          chequers_serial_rivers_small_a, chequers_serial_rivers_micro_b
D:13:     layout_rooms, gauntlet_entry_generic, nicolae_two_hexagons
D:14:     layout_roguey, ximxim_vaults_locker_room, minivault_26, serial_shops,
          shop, uniq_frances
D:15:     gammafunk_depths_entry_grave, layout_cave_pods, serial_park_square1
          [serial_park_minivault_5x5_1], uniq_nessos
Temple:   dshaligram_water_room_temple
Lair:1:   layout_cave_pods, lemuel_oklob_altar, grunt_megastairs_5, uniq_urug,
          uniq_nergalle
Lair:2:   layout_regular_city, worms_lemuel
Lair:3:   beast_lair_carwin_large_1, layout_misc_corridors,
          gammafunk_ghost_ooze, wad_woods_road_06
Lair:4:   layout_regular_city, nicolae_swamp_entry_splash_gauntlet,
          nicolae_spider_entry_tight_spaces, grunt_megastairs_2
Lair:5:   regret_index_combs_of_tragedy, layout_gridlike,
          minmay_lair_oklob_chamber, uniq_rupert, uniq_sonja
Lair:6:   evilmike_catoblepas_cave, layout_regular_city,
          dpeg_slime_entry_corner, minmay_lair_oklob_items, grunt_megastairs_4,
          lemuel_fruit_tree, uniq_snorg
Swamp:1:  layout_falls_marsh, evilmike_swamp_ruin_rubble_1
Swamp:2:  layout_falls_marsh, evilmike_swamp_ruin_rubble_2
Swamp:3:  layout_falls_marsh, evilmike_swamp_ruin_house_4, swamp_pool1
Swamp:4:  swamp_pestilence, layout_basic_swamp, swamp_pool4,
          roderic_carrion_pond, uniq_roxanne
Spider:1: layout_spider_delve, guppyfry_spider_mini_1
Spider:2: layout_chambers, uniq_arachne, uniq_agnes
Spider:3: layout_spider_delve, gammafunk_ghost_tricky_traps, uniq_asterion
Spider:4: grunt_spider_rune_circles
Orc:1:    layout_caves, mines4_lemuel
Orc:2:    grunt_orc_community_town_hall, layout_caves,
          grunt_orc_community_big_house_1, grunt_orc_community_big_house_2,
          grunt_orc_community_house_2, grunt_orc_community_house_1,
          grunt_orc_community_house_2, grunt_orc_community_house_1,
          grunt_orc_community_house_1, ebering_ghost_xom, serial_shops, shop,
          nicolae_shop_behind_doors, nicolae_shop_competitors_out_of_business,
          nicolae_shop_waterfront, portal_ice_cave_entry_ice_beasts,
          uniq_azrael, uniq_maurice

Skill      XL: |  1  2  3  4  5  6  7  8  9 10 11 12 13 14 15 16 17 18 19 |
---------------+----------------------------------------------------------+-----
Maces & Flails | 3 4 5 6 8 10 12 13 14 16 18 | 18.0
Fighting       | 4 5 7 8 10 12 13 15 17 18 | 18.0
Armour         | 4 8 10 12 | 12.0
Shields        | 4 8 10 12 | 12.0
Invocations    | 7 8 |  8.1
Dodging        | 4 8 9 13 14 | 14.2

Action                   |  1- 3 |  4- 6 |  7- 9 | 10-12 | 13-15 | 16-18 | 19-21 || total
-------------------------+-------+-------+-------+-------+-------+-------+-------++-------
Melee: Flail             |   100 |   189 |   253 |       |       |       |       ||   542
       Mace              |       |       |   463 |  1221 |    95 |       |       ||  1779
       Demon whip        |       |       |       |       |   396 |       |       ||   396
       Morningstar       |       |       |       |       |   713 |  1514 |   183 ||  2410
Invok: Heroism           |       |       |       |    13 |    13 |    22 |     4 ||    52
 Abil: Fly               |       |       |       |       |     1 |       |       ||     1
  Use: Scroll            |       |     2 |    15 |     6 |     6 |    15 |       ||    44
       Potion            |       |     2 |       |     3 |     2 |     3 |       ||    10
 Stab: Petrified         |       |       |       |       |    11 |       |       ||    11
       Petrifying        |       |       |       |       |     1 |       |       ||     1
  Eat: Chunk             |       |     7 |    10 |    19 |    19 |    31 |       ||    86
       Ration            |       |       |     2 |     4 |     3 |     4 |     1 ||    14
Armor: Scale mail        |    57 |    93 |   370 |   347 |   399 |  1021 |   138 ||  2425
       Plate armour      |       |       |       |   406 |   228 |       |       ||   634
Dodge: Dodged            |    28 |    55 |   193 |   448 |   644 |  1296 |   286 ||  2950
Block: Shield            |    48 |    95 |   285 |   128 |       |       |       ||   556
       Buckler           |       |       |       |   306 |   529 |  1166 |   230 ||  2231
       Reflection        |       |       |       |       |       |    35 |       ||    35

Table legend:
 A = Non-vault XP
 B = Vault XP
 C = Vault XP percentage of total XP
 D = Non-vault monster count
 E = Vault monster count
 F = Vault count percentage of total count
                 A         B        C        D         E       F
            +---------+---------+-------+---------+---------+-------
      Total |  225540 |  117790 |  34.3 |     941 |     440 |  31.9
            +---------+---------+-------+---------+---------+-------
        D:1 |     138 |       0 |   0.0 |      27 |       0 |   0.0
        D:2 |     212 |      27 |  11.3 |      17 |       7 |  29.2
        D:3 |     175 |       0 |   0.0 |      22 |       0 |   0.0
        D:4 |     350 |       0 |   0.0 |      12 |       0 |   0.0
        D:5 |    1176 |     281 |  19.3 |      42 |       1 |   2.3
        D:6 |    1513 |       0 |   0.0 |      38 |       0 |   0.0
        D:7 |    1205 |       0 |   0.0 |      38 |       0 |   0.0
        D:8 |     969 |      97 |   9.1 |      16 |       1 |   5.9
        D:9 |    1388 |     802 |  36.6 |      24 |      12 |  33.3
       D:10 |    2647 |    2596 |  49.5 |      35 |      16 |  31.4
       D:11 |    8443 |    2994 |  26.2 |      37 |       5 |  11.9
       D:12 |    5641 |       0 |   0.0 |      37 |       0 |   0.0
       D:13 |    8637 |       0 |   0.0 |      27 |       0 |   0.0
       D:14 |   11848 |    6446 |  35.2 |      30 |      13 |  30.2
       D:15 |    8742 |    5916 |  40.4 |      39 |       9 |  18.8
     Lair:1 |    2105 |    2897 |  57.9 |       8 |       9 |  52.9
     Lair:2 |    4581 |    1362 |  22.9 |      17 |       6 |  26.1
     Lair:3 |    6310 |    1969 |  23.8 |      19 |      10 |  34.5
     Lair:4 |    8609 |    3945 |  31.4 |      28 |      16 |  36.4
     Lair:5 |    7197 |   12341 |  63.2 |      20 |      53 |  72.6
     Lair:6 |   13987 |   13297 |  48.7 |      34 |      29 |  46.0
    Swamp:1 |   15179 |       0 |   0.0 |      40 |       0 |   0.0
    Swamp:2 |    5697 |       0 |   0.0 |      21 |       0 |   0.0
    Swamp:3 |   19079 |       0 |   0.0 |      47 |       0 |   0.0
    Swamp:4 |   16384 |   18782 |  53.4 |      35 |      48 |  57.8
   Spider:1 |   13065 |    1618 |  11.0 |      36 |       6 |  14.3
   Spider:2 |   20158 |   15109 |  42.8 |      49 |      12 |  19.7
   Spider:3 |   21043 |    1220 |   5.5 |      57 |       4 |   6.6
   Spider:4 |   13594 |    5561 |  29.0 |      35 |      15 |  30.0
      Orc:1 |    1968 |    1000 |  33.7 |      26 |      13 |  33.3
      Orc:2 |    3500 |    9599 |  73.3 |      28 |      86 |  75.4
    Ossuary |       0 |     175 | 100.0 |       0 |      39 | 100.0
      IceCv |       0 |    2619 | 100.0 |       0 |      10 | 100.0
   Gauntlet |       0 |    7137 | 100.0 |       0 |      20 | 100.0
            +---------+---------+-------+---------+---------+-------
